AoeStats
← kenyi.yoshino

Arena

505049123Analyzed
4v4 RM · 26d ago on Sep 7, 2026· 67m 43s· 8 players
Game mode
Random Map
Map size
Large (8 player)
Population
200
Speed
Normal
Resources
Standard
Victory
Conquest
Starting age
Dark Age
Ending age
Imperial Age
RankedLock teamsTeams togetherTeam positionsShared explorationLock speedFull tech treeHidden civsTurbo modeCheats
Victory
Defeat
🇹🇷 Burmese · Türkiye
795
+16
🇵🇱 Portuguese · Poland
790
+17
🇪🇸 Persians · Spain
775
+17
🇬🇹 Japanese · Guatemala
771
+17
🇹🇼 Shu · Taiwan
841
-18
🇹🇷 Goths · Türkiye
832
-18
🇬🇷 Burgundians · Greece
814
-17
🇨🇳 Cumans · China
725
-14
SaiyajiN
1:26 Loom
12:01 Feudal Age
19:59 Castle Age
17:53 Gold Mining
18:29 Fletching
18:39 Padded Archer Armor
18:32 Horse Collar
19:55 Bloodlines
19:38 Stone Mining
20:27 Padded Archer Armor
20:55 Heavy Plow
22:20 Treadmill Crane
24:11 Gold Shaft Mining
26:06 Wheelbarrow
25:26 Town Watch
26:21 Husbandry
27:22 Scale Barding Armor
28:27 Hand Cart
29:10 Town Patrol
29:37 Bodkin Arrow
29:52 Forging
29:40 Murder Holes
30:07 Ballistics
30:51 Manipur Cavalry
31:22 Fortified Wall
31:14 Scale Mail Armor
35:03 Imperial Age
33:04 Chain Mail Armor
34:45 Masonry
35:39 Iron Casting
35:56 Chain Barding Armor
36:26 Crop Rotation
36:22 Conscription
37:28 Chemistry
36:29 Bracer
37:29 Blast Furnace
37:06 Architecture
37:18 Coinage
37:15 Howdah
38:48 Plate Barding Armor
38:43 Plate Mail Armor
39:14 Elite Arambai
42:44 Parthian Tactics
43:42 Caravan
44:20 Banking
44:00 Guilds
44:19 Elite Battle Elephant
45:26 Heavy Cavalry Archer
54:33 Elite Skirmisher
Thorgall
0:28 Loom
17:09 Feudal Age
18:04 Man-at-Arms
19:25 Wheelbarrow
18:33 Horse Collar
18:42 Double-Bit Axe
24:45 Castle Age
22:40 Stone Mining
22:52 Arson
24:58 Gold Mining
25:53 Forging
25:44 Scale Mail Armor
26:12 Bow Saw
25:58 Elite Skirmisher
27:10 Fletching
26:51 Pikeman
30:52 Long Swordsman
31:17 Gambesons
32:06 Bodkin Arrow
32:50 Heavy Plow
34:13 Chain Mail Armor
34:33 Iron Casting
34:59 Iron Casting
35:55 Padded Archer Armor
36:01 Scale Barding Armor
40:05 Imperial Age
40:29 Husbandry
40:39 Bloodlines
39:50 Light Cavalry
41:55 Chemistry
41:07 Fortified Wall
42:03 Conscription
42:04 Bracer
42:06 Murder Holes
41:52 Treadmill Crane
42:23 Masonry
42:18 Siege Engineers
42:34 Ballistics
43:38 Stone Shaft Mining
43:23 Hand Cart
42:56 Town Watch
45:20 Elite Organ Gun
46:36 Architecture
46:30 Bombard Tower
46:38 Halberdier
56:11 Blast Furnace
55:42 Plate Mail Armor
56:11 Architecture
kenyi.yoshino
11:35 Feudal Age
12:09 Double-Bit Axe
12:29 Horse Collar
15:30 Wheelbarrow
15:01 Gold Mining
19:17 Castle Age
18:28 Stone Mining
19:21 Fletching
19:31 Padded Archer Armor
20:19 Bow Saw
20:48 Heavy Plow
22:46 Stone Shaft Mining
22:52 Bodkin Arrow
23:23 Leather Archer Armor
23:58 Crossbowman
24:44 Caravan
28:06 Hand Cart
28:48 Gold Shaft Mining
28:21 Kamandaran
30:14 Thumb Ring
34:40 Imperial Age
35:21 Elite War Elephant
43:21 Ballistics
44:02 Chemistry
43:41 Ring Archer Armor
44:09 Crop Rotation
46:14 Two-Man Saw
RattiestPear556
12:07 Feudal Age
15:50 Loom
18:17 Castle Age
16:35 Stone Mining
17:35 Gold Mining
19:37 Crossbowman
20:26 Town Watch
24:43 Horse Collar
24:53 Elite Skirmisher
26:00 Padded Archer Armor
27:02 Leather Archer Armor
28:11 Fervor
30:36 Wheelbarrow
31:26 Gold Shaft Mining
32:30 Ballistics
32:06 Murder Holes
32:19 Fletching
33:17 Double-Bit Axe
37:06 Imperial Age
35:17 Heavy Plow
35:35 Scale Mail Armor
37:19 Yasama
39:55 Chemistry
40:45 Forging
40:51 Chain Mail Armor
41:43 Kataparuto
42:28 Hand Cart
42:24 Caravan
43:22 Iron Casting
44:44 Elite Samurai
47:20 Bow Saw
49:02 Town Patrol
52:02 Redemption
53:48 Blast Furnace
53:19 Plate Mail Armor
alka-seltzer
1:04 Loom
12:11 Feudal Age
14:02 Feudal Age
19:13 Castle Age
22:27 Double-Bit Axe
25:15 Horse Collar
28:15 Wheelbarrow
29:51 Anarchy
32:47 Imperial Age
30:05 Town Watch
30:23 Heavy Plow
32:03 Squires
32:15 Scale Mail Armor
33:55 Conscription
33:30 Gold Mining
33:58 Forging
34:05 Chain Mail Armor
36:26 Iron Casting
36:05 Fervor
37:05 Stone Mining
37:32 Perfusion
38:05 Bow Saw
38:13 Hand Cart
39:22 Blast Furnace
39:06 Crop Rotation
38:41 Town Patrol
39:28 Pikeman
40:59 Man-at-Arms
42:22 Halberdier
44:46 Chemistry
44:06 Ballistics
44:50 Chemistry
43:44 Fletching
45:43 Scale Barding Armor
45:36 Bodkin Arrow
45:15 Long Swordsman
46:50 Husbandry
47:04 Bloodlines
46:17 Cavalier
47:51 Two-Handed Swordsman
49:00 Champion
57:05 Elite Huskarl
64:52 Sappers
65:38 Bracer
65:40 Padded Archer Armor
65:52 Masonry
65:38 Murder Holes
65:56 Masonry
67:01 Light Cavalry
THEO9268
1:23 Wheelbarrow
9:13 Double-Bit Axe
12:58 Loom
14:46 Feudal Age
13:12 Horse Collar
13:36 Gold Mining
15:43 Hand Cart
15:41 Bow Saw
17:23 Heavy Plow
17:48 Loom
22:47 Caravan
22:51 Stone Mining
23:38 Gold Shaft Mining
27:23 Castle Age
26:48 Forging
26:43 Scale Barding Armor
29:58 Guilds
30:19 Crop Rotation
33:45 Two-Man Saw
35:24 Iron Casting
36:17 Husbandry
38:56 Burgundian Vineyards
40:02 Stone Shaft Mining
40:00 Chain Barding Armor
43:30 Imperial Age
43:30 Fortified Wall
43:01 Treadmill Crane
43:52 Murder Holes
43:43 Elite Coustillier
47:01 Chemistry
47:21 Blast Furnace
46:14 Fletching
47:20 Coinage
47:55 Two-Man Saw
48:32 Bodkin Arrow
49:21 Plate Barding Armor
51:58 Ballistics
51:58 Bombard Tower
53:48 Ballistics
53:14 Arrowslits
YJHAN
1:58 Loom
10:56 Feudal Age
12:41 Double-Bit Axe
18:34 Castle Age
16:22 Town Watch
17:04 Horse Collar
18:00 Fletching
18:11 Padded Archer Armor
19:31 Crossbowman
22:26 Squires
23:56 Fervor
24:45 Elite Skirmisher
25:41 Bodkin Arrow
28:42 Wheelbarrow
29:45 Gold Mining
30:22 Bow Saw
35:17 Imperial Age
34:01 Leather Archer Armor
33:56 Forging
34:08 Forging
35:43 Thumb Ring
35:29 Arbalester
36:40 Hand Cart
37:24 Coiled Serpent Array
38:15 Ballistics
37:52 Murder Holes
37:32 Capped Ram
41:02 Onager
41:16 Pikeman
42:52 Scale Mail Armor
42:53 Bracer
42:59 Scale Barding Armor
48:09 Caravan
颜如玉
8:23 Loom
10:15 Feudal Age
15:33 Loom
19:29 Castle Age
17:48 Double-Bit Axe
17:44 Horse Collar
19:41 Gold Mining
22:49 Bow Saw
22:41 Heavy Plow
26:21 Forging
26:04 Fletching
28:14 Wheelbarrow
28:10 Padded Archer Armor
28:15 Town Watch
30:17 Bodkin Arrow
32:12 Leather Archer Armor
34:08 Ballistics
33:59 Masonry
34:56 Scale Barding Armor
35:03 Forging
34:48 Light Cavalry
36:17 Thumb Ring
38:48 Imperial Age
36:39 Hand Cart
36:30 Stone Mining
37:17 Gold Shaft Mining
36:48 Scale Mail Armor
37:24 Iron Casting
37:12 Chain Barding Armor
37:31 Murder Holes
38:22 Steppe Husbandry
39:02 Bloodlines
39:34 Onager
41:07 Conscription
41:19 Hussar
41:22 Elite Steppe Lancer
42:15 Town Patrol
42:59 Plate Barding Armor
42:50 Elite Kipchak
45:01 Ring Archer Armor
45:33 Blast Furnace
49:56 Cuman Mercenaries
55:49 Two-Man Saw
55:21 Crop Rotation
60:58 Parthian Tactics
Connection lost

Rejoining the realm…

Still unreachable

The connection could not be restored.

Session expired

The server has moved on; the page needs a fresh start.